 Dungeon Crawl Stone Soup version 0.21-a0-71-g5e5ddd2 (webtiles) character file.

38 grindst0ne the Sneak (level 3, -2/24 HPs)
             Began as a Vampire Enchanter on June 19, 2017.
             Slain by a howler monkey (5 damage)
             ... on level 1 of the Dungeon.
             The game lasted 00:03:27 (1107 turns).

grindst0ne the Sneak (Vampire Enchanter)            Turns: 1107, Time: 00:03:28

Health: -2/24      AC:  2    Str:  7    XL:     3   Next: 25%
Magic:  1/6        EV: 13    Int: 17    God:
Gold:   55         SH:  0    Dex: 15    Spells: 0/6 levels left

rFire    . . .     SeeInvis +   a - +1 dagger
rCold    + . .     Gourm    .   (no shield)
rNeg     + + .     Faith    .   b - +0 robe
rPois    +         Spirit   .   (no helmet)
rElec    .         Reflect  .   (no cloak)
rCorr    .         Harm     .   (no gloves)
MR       .....                  (no boots)
Stlth    ++++......             (no amulet)
HPRegen  0.04/turn              (no ring)
MPRegen  0.10/turn              (no ring)

@: flying, regenerating slowly
A: fangs 3, see invisible, unbreathing
a: Bat Form


You were on level 1 of the Dungeon.
You were very thirsty.

You visited 1 branch of the dungeon, and saw 1 of its levels.

You collected 55 gold pieces.

Inventory:

Hand Weapons
 a - a +1 dagger (weapon)
Armour
 b - a +0 robe (worn)
Jewellery
 i - an uncursed ring of stealth {unknown}
Scrolls
 d - a scroll of teleportation {unknown}
 e - a scroll of blinking {unknown}
 f - a scroll of identify {unknown}
 h - 3 scrolls of remove curse {unknown}
Potions
 q - 9 potions of blood
Books
 c - a book of Maledictions

   Spells                             Type                      Level
   a - Corona                         Hexes                        1
   b - Ensorcelled Hibernation        Hexes/Ice                    2
   c - Confuse                        Hexes                        3
   d - Tukima's Dance                 Hexes                        3
   e - Dazzling Spray                 Conjuration/Hexes            3


   Skills:
 - Level 1.1 Short Blades
 - Level 2.1 Dodging
 + Level 5.6 Stealth
 - Level 2.0 Spellcasting
 + Level 5.5 Hexes


You couldn't memorise any spells.
You knew the following spells:

 Your Spells              Type           Power        Failure   Level  Hunger
a - Confuse               Hex            ###.....     6%          3    ###....
b - Ensorcelled Hibernat  Hex/Ice        ##....       10%         2    ###....
o - Corona                Hex            ###....      1%          1    #......


Dungeon Overview and Level Annotations

Branches:
Dungeon (1/15)

Altars:
Ashenzari


Innate Abilities, Weirdness & Mutations

You heal slowly.
You have razor-sharp teeth.
You have supernaturally acute eyesight. (SInv)
You can survive without breathing.


Message History

Confirm with . or Enter, or press ? or * to list all spells.
You don't have enough magic to cast that spell.
Unknown command.
You barely miss the howler monkey.
The howler monkey is heavily wounded.
The howler monkey hoots and howls with incredible vigour!
You barely miss the howler monkey.
The howler monkey is heavily wounded.
The howler monkey misses you.
You closely miss the howler monkey.
The howler monkey is heavily wounded.
The howler monkey misses you.
Casting: Ensorcelled Hibernation
Confirm with . or Enter, or press ? or * to list all spells.
You don't have enough magic to cast that spell.
Unknown command.
You hit the howler monkey.
The howler monkey is severely wounded.
The howler monkey hits you.
You die...

#.......#...#.........#.##.
#.......##.##.........#....
#.###....#.#....###...####.
#...###.##+##.###..#### #.
#.....###...###....## #.
#.......#._.#.......# #.
#)....###...###.....######.
#...###.#####.###..........
#.###....#@#....###.######.
#.).....##h##.......# #.
#.......#...#.......# #)
#......##...##†.....# #.
#....g.#.(...#......# #.
#......#.....#......# #.
#..........########## ##
############


You could see a howler monkey.

Vanquished Creatures
  An adder (D:1)
  A dart slug (D:1)
  A leopard gecko (D:1)
  A ball python (D:1)
  4 giant cockroaches (D:1)
  6 goblins (D:1)
  3 hobgoblins (D:1)
  2 kobolds (D:1)
  A bat (D:1)
  3 rats (D:1)
23 creatures vanquished.

Notes
Turn   | Place    | Note
-------+----------+-------------------------------------------
     0 | D:1      | grindst0ne the Vampire Enchanter began the quest for the Orb.
     0 | D:1      | Reached XP level 1. HP: 13/13 MP: 3/3
   251 | D:1      | Reached XP level 2. HP: 19/19 MP: 5/5
   258 | D:1      | Learned a level 2 spell: Ensorcelled Hibernation
   329 | D:1      | Reached skill level 5 in Stealth
   349 | D:1      | Reached skill level 5 in Hexes
   523 | D:1      | Found a shattered altar of Ashenzari.
   586 | D:1      | Reached XP level 3. HP: 24/24 MP: 1/6
   591 | D:1      | Learned a level 3 spell: Confuse
  1107 | D:1      | Slain by a howler monkey

Vault maps used:
D:1:      dpeg_arrival_erosion, nicolae_ashenzari_panopticon

Skill      XL: |  1  2 |
---------------+-------+-----
Stealth        | 5 |  5.6
Hexes          | 5 |  5.5
Short Blades   | |  1.1
Dodging        | |  2.1
Spellcasting   | |  2.0

Action                   || total
-------------------------++-------
Melee: Dagger            ||    45
       Bite              ||     6
 Cast: Ensorcelled Hiber ||    13
       Confuse           ||     3
  Use: Potion            ||     1
 Stab: Sleeping          ||    16
       Distracted        ||     1
Armor: Robe              ||     6
Dodge: Dodged            ||    19
